 Dungeon Crawl Stone Soup version 0.28.0 (webtiles) character file.

Game seed: 1897626961259006061

5 freelancePsychic the Grasshopper (level 1, 0/12 HPs)
             Began as a Kobold Warper on Feb 7, 2022.
             Frozen to death by an endoplasm (3 damage)
             ... on level 1 of the Dungeon.
             The game lasted 00:00:51 (449 turns).

freelancePsychic the Grasshopper (Kobold Warper)     Turns: 449, Time: 00:00:51

Health: 0/12       AC:  3    Str:  8    XL:     1   Next: 88%
Magic:  3/3        EV: 14    Int: 14    God:
Gold:   9          SH:  0    Dex: 14    Spells: 4/4 levels left

rFire   . . .      SeeInvis .   a - +0 dagger
rCold   . . .      Faith    .   (no shield)
rNeg    . . .      Spirit   .   b - +0 leather armour
rPois   .          Reflect  .   (no helmet)
rElec   .          Harm     .   (no cloak)
rCorr   .          Rampage  .   (no gloves)
Will    .....                   (no boots)
Stlth   ++........              (no amulet)
HPRegen 0.04/turn               (no ring)
MPRegen 0.08/turn               (no ring)

@: no status effects
A: small, no large weapons, nightstalker 3
a: no special abilities


You were on level 1 of the Dungeon.
You visited 1 branch of the dungeon, and saw 1 of its levels.

You collected 9 gold pieces.

Inventory:

Hand Weapons
 a - a +0 dagger (weapon)
Armour
 b - a +0 leather armour (worn)
Scrolls
 c - a scroll of blinking


   Skills:
 + Level 2.3 Fighting
 * Level 3.0 Short Blades
 - Level 1.1 Throwing
 - Level 0.7 Armour
 - Level 2.4 Dodging
 * Level 1.1 Stealth
 - Level 2.1 Spellcasting
 - Level 3.0 Translocations


You had 4 spell levels left.
You didn't know any spells.
Your spell library contained the following spells:

 Spells                   Type           Power      Damage    Failure   Level
 Blink                    Tloc           18%        N/A       14%         2
 Gell's Gravitas          Tloc           9%         N/A       28%         3
 Lesser Beckoning         Tloc           9%         N/A       28%         3
 Teleport Other           Tloc           9%         N/A       28%         3
 Manifold Assault         Tloc           9%         N/A       95%         5


Dungeon Overview and Level Annotations

Branches:
Dungeon (1/15)

Altars:


Innate Abilities, Weirdness & Mutations

You are small and have problems with some larger weapons.
You are completely attuned to the shadows.


Message History

You are too injured to fight recklessly!
You are too injured to fight recklessly!
You are too injured to fight recklessly!
You are too injured to fight recklessly!
You are too injured to fight recklessly!
You are too injured to fight recklessly!
You are too injured to fight recklessly!
You hit the endoplasm but do no damage.
Throw: 4 boomerangs (disperse)
Press: ? - help, Q - select action Shift-Dir - straight line, f - endoplasm
Aim: an endoplasm (86% to hit)
You throw a boomerang of dispersal.
The boomerang of dispersal hits the endoplasm but does no damage.
The endoplasm closely misses you. The endoplasm freezes you.
You are frozen.
* * * LOW HITPOINT WARNING * * *
Throw: 3 boomerangs (disperse)
Press: ? - help, Q - select action Shift-Dir - straight line, f/p - endoplasm
Aim: an endoplasm (86% to hit)
You throw a boomerang of dispersal.
The boomerang of dispersal hits the endoplasm.
The endoplasm blinks!
The endoplasm is moderately wounded.
Throw: 2 boomerangs (disperse)
Press: ? - help, Q - select action Shift-Dir - straight line, f/p - endoplasm
Aim: an endoplasm (moderately wounded, 86% to hit)
You throw a boomerang of dispersal.
The boomerang of dispersal hits the endoplasm.
The endoplasm blinks!
Throw: boomerang (disperse)
Press: ? - help, Q - select action Shift-Dir - straight line, f/p - endoplasm
Aim: an endoplasm (heavily wounded, 86% to hit)
You throw a boomerang of dispersal.
The boomerang of dispersal barely misses the endoplasm.
You hit the endoplasm.
The endoplasm is heavily wounded.
The endoplasm freezes you.
You are frozen.
You die...

#.#####.##.).#
#........†...#
#######.....##
####..#
......#####
.#.##......
##.#.#####
#..######
##.J@....
#..####..
#.#.# .##.. ##


You could see an endoplasm.

Vanquished Creatures
  2 goblins (D:1)
  A quokka (D:1)
  A ball python (D:1)
  A rat (D:1)
5 creatures vanquished.

Notes
Turn   | Place    | Note
-------+----------+-------------------------------------------
     0 | D:1      | freelancePsychic the Kobold Warper began the quest for the
                  | Orb.
     0 | D:1      | Reached XP level 1. HP: 12/12 MP: 3/3
   242 | D:1      | Reached skill level 1 in Stealth
   449 | D:1      | Frozen to death by an endoplasm

Illustrated notes

Levels and vault maps discovered:
D:1:      ncdulo_lavacross, layout_loops_ring,
          chequers_ecumenical_altar_simple_redux

Skill      XL: |  1 |
---------------+----+-----
Short Blades   | 3 |  3.0
Stealth        | 1 |  1.1
Fighting       | |  2.3
Throwing       | |  1.1
Armour         | |  0.7
Dodging        | |  2.4
Spellcasting   | |  2.1
Translocations | |  3.0

Action                   || total
-------------------------++-------
Melee: Dagger            ||    24
       Short sword       ||     4
       Punch             ||     1
Throw: Boomerang         ||     5
 Stab: Sleeping          ||     2
Armor: Leather armour    ||     2
Dodge: Dodged            ||    11
